 Dungeon Crawl Stone Soup version 0.31-a0-177-g4aa6249778 (webtiles) character file.

Game seed: 11622285358869193002

98 qw the Shooter (level 4, -3/40 HPs)
             Began as a Naga Hunter on June 18, 2023.
             Slain by a worm (9 damage)
             ... on level 3 of the Dungeon.
             The game lasted 00:00:37 (1870 turns).

qw the Shooter (Naga Hunter)                        Turns: 1870, Time: 00:00:38

Health: -3/40      AC:  2    Str: 13    XL:     4   Next: 71%
Magic:  4/4        EV:  9    Int:  9    God:
Gold:   36         SH:  0    Dex: 17    Spells: 3/3 levels left

rFire   + . .        Y - +0 shortbow
rCold   . . .        (shield currently unavailable)
rNeg    . . .        c - +0 leather armour
rPois   +            (no helmet)
rElec   .            (no cloak)
rCorr   .            (no gloves)
SInv    +            (no barding)
Will    .....        (no amulet)
Stlth   ++           d - ring of protection from fire
HPRegen 0.26/turn    (no ring)
MPRegen 0.09/turn

%: no passive effects
@: about to teleport, very slow
A: AC +1, large, see invisible, deformed body, poison resistance, slowness 2,
spit poison 1, naga tail 1
a: Spit Poison


You were on level 3 of the Dungeon.
You visited 1 branch of the dungeon, and saw 3 of its levels.

You collected 54 gold pieces.
You spent 18 gold pieces at shops.


Innate Abilities, Weirdness & Mutations

Your serpentine skin is tough. (AC +1)
You have supernaturally acute eyesight. (SInv)
Armour fits poorly on your strangely shaped body.
Your system is resistant to poisons. (rPois)
You cover ground very slowly.
You can spit poison.
You have a snake-like lower body.


   Skills:
 + Level 2.9 Fighting
 - Level 5.0 Ranged Weapons
 - Level 1.5 Dodging
 - Level 1.5 Stealth


You had 3 spell levels left.
You didn't know any spells.
Your spell library was empty.

Inventory:

Hand Weapons
 Y - a +0 shortbow (weapon)
Armour
 c - a +0 leather armour (worn)
Jewellery
 d - a ring of protection from fire (left hand)
Scrolls
 b - a scroll of identify
 e - a scroll of enchant armour {unknown}
Potions
 f - a potion of berserk rage {unknown}
 g - a potion of mutation {unknown}

Dungeon Overview and Level Annotations

Branches:
Dungeon (3/15)

Altars:

Shops:
D:1 *

Portals:
Sewer: D:3


Message History

You kill the orc!
An orc comes into view. It is wielding a +0 club.
You shoot an arrow. The arrow barely misses the worm.
The orc shouts!
The orc wizard shouts!
The arrow hits the orc wizard.
The orc wizard is heavily wounded.
A river rat comes into view.
An orc comes into view. It is wielding a +0 club.
You shoot an arrow. The orc shouts!
The arrow hits the worm but does no damage.
The worm is lightly wounded.
You shoot an arrow. The arrow hits the worm.
The worm is lightly wounded.
You shoot an arrow. The arrow hits the worm.
The worm is heavily wounded.
You shoot an arrow. The arrow hits the worm.
The worm is heavily wounded.
You have got your breath back.
The worm bites you!
A worm comes into view.
1867 ||| INVOKING Spit Poison.
Aiming: Spit Poison (1% risk of failure)
Press: ? - help, Shift-Dir - straight line, f/p - worm The splash of poison hits the worm.
The worm is heavily wounded.
The worm bites you!
You shoot an arrow. The arrow barely misses the worm.
The arrow hits the orc wizard!
The orc wizard is almost dead.
You shoot an arrow. The arrow hits the worm!
The worm is almost dead.
A kobold comes into view. It is wielding a +0 club.
The worm bites you! The river rat closely misses you.
1870 ||| READING scroll of teleportation.
As you read the scroll of teleportation, it crumbles to dust.
You feel strangely unstable.
You have got your breath back.
The river rat closely misses you. The worm bites you!
You die...

#. ... ###### .
#.###....# .. .
...#....##. #... ~~
#........ .....
K~~##......# .....#
.~.~~..o...# .....#
..w~~.#r...#####.....#
\..~~ow@#......#...#
...~~o###.####.....+
...~~ #.# #.....# ~~~#
#.####.....# ~~
#.#........# .
..#.#......#
###.#......#
#.#......#
#####.#...########


You could see 2 worms, an orc wizard, a river rat, 2 orcs and a kobold
(wandering).

Vanquished Creatures
  4 gnolls (D:2)
  2 adders (D:2)
  A worm (D:2)
  An orc (D:3)
  5 endoplasms
  2 giant cockroaches
  A goblin (D:2)
  4 hobgoblins
  8 kobolds (D:1)
  A quokka (D:2)
  3 ball pythons
  3 bats
  A frilled lizard (D:2)
  4 rats
40 creatures vanquished.

Notes
Turn   | Place    | Note
-------+----------+-------------------------------------------
     0 | D:1      | qw the Naga Hunter began the quest for the Orb.
     0 | D:1      | Reached XP level 1. HP: 19/19 MP: 1/1
     0 | D:1      | 0 ||| qw: Version: 0.3-a-5-g6f28e65
     0 | D:1      | 0 ||| qw: Game counter: 692
     0 | D:1      | 0 ||| qw: Always use a shield: true
     0 | D:1      | 0 ||| qw: God list: Okawaru
     0 | D:1      | 0 ||| qw: Allow faded altars: false
     0 | D:1      | 0 ||| qw: Do Orc after D:15 true
     0 | D:1      | 0 ||| qw: Do second Lair branch before Depths: true
     0 | D:1      | 0 ||| qw: Lair rune preference: random
     0 | D:1      | 0 ||| qw: Plans: Normal
     0 | D:1      | 0 ||| PLANNING D:1-11
    36 | D:1      | 36 ||| INVOKING Spit Poison.
    63 | D:1      | 63 ||| INVOKING Spit Poison.
    67 | D:1      | 67 ||| INVOKING Spit Poison.
    92 | D:1      | 92 ||| INVOKING Spit Poison.
    96 | D:1      | 96 ||| INVOKING Spit Poison.
   345 | D:1      | 345 ||| INVOKING Spit Poison.
   358 | D:1      | 358 ||| INVOKING Spit Poison.
   359 | D:1      | Reached skill level 4 in Ranged Weapons
   359 | D:1      | Reached XP level 2. HP: 26/26 MP: 2/2
   391 | D:1      | 391 ||| INVOKING Spit Poison.
   502 | D:1      | 502 ||| INVOKING Spit Poison.
   505 | D:1      | 505 ||| INVOKING Spit Poison.
   519 | D:1      | 519 ||| INVOKING Spit Poison.
   537 | D:1      | 537 ||| INVOKING Spit Poison.
   569 | D:1      | Found Cieb's Assorted Antiques.
   574 | D:1      | 574 ||| SHOPLISTING 2 scrolls labelled YXUTHU OWYHET (42
                  | gold, have 18).
   574 | D:1      | 574 ||| BUYING bubbling purple potion (18 gold).
   574 | D:1      | Bought a bubbling purple potion for 18 gold pieces
   574 | D:1      | 574 ||| SHOPLISTING smoking cloak (199 gold, have 0).
   574 | D:1      | 574 ||| SHOPLISTING tiny cameo amulet (105 gold, have 0).
   657 | D:1      | Found a faded altar of an unknown god.
   728 | D:1      | 728 ||| INVOKING Spit Poison.
   835 | D:1      | 835 ||| READING scroll labelled ZIEHEI ECZOSU.
   836 | D:1      | 836 ||| READING scroll labelled XUKHLI TEXZAS.
   837 | D:1      | 837 ||| READING scroll labelled WADO KEKEAXI.
   841 | D:1      | 841 ||| READING scroll labelled ILATUSYVETO.
   842 | D:1      | 842 ||| DROPPING scroll of butterflies.
   878 | D:2      | 878 ||| INVOKING Spit Poison.
   882 | D:2      | 882 ||| INVOKING Spit Poison.
   928 | D:2      | 928 ||| INVOKING Spit Poison.
   930 | D:2      | Reached XP level 3. HP: 32/32 MP: 3/3
   940 | D:2      | 940 ||| INVOKING Spit Poison.
   990 | D:2      | 990 ||| INVOKING Spit Poison.
  1055 | D:2      | 1055 ||| INVOKING Spit Poison.
  1057 | D:2      | 1057 ||| Stepping ~*~*~tactically~*~*~ (outnumbered).
  1067 | D:2      | 1067 ||| INVOKING Spit Poison.
  1070 | D:2      | Reached skill level 5 in Ranged Weapons
  1070 | D:2      | Reached XP level 4. HP: 39/39 MP: 4/4
  1072 | D:2      | 1072 ||| INVOKING Spit Poison.
  1077 | D:2      | 1077 ||| INVOKING Spit Poison.
  1082 | D:2      | 1082 ||| INVOKING Spit Poison.
  1147 | D:2      | 1147 ||| FLEEEEING.
  1155 | D:2      | 1155 ||| STAIRDANCE
  1171 | D:1      | 1171 ||| READING scroll labelled MASAOP JAIL.
  1172 | D:1      | 1172 ||| READING scroll labelled YXUTHU OWYHET.
  1173 | D:1      | 1173 ||| DRINKING 2 bubbling purple potions.
  1174 | D:1      | 1174 ||| DROPPING potion of brilliance.
  1188 | D:2      | 1188 ||| INVOKING Spit Poison.
  1207 | D:2      | 1207 ||| INVOKING Spit Poison.
  1412 | D:2      | 1412 ||| INVOKING Spit Poison.
  1447 | D:2      | 1447 ||| INVOKING Spit Poison.
  1451 | D:2      | 1451 ||| INVOKING Spit Poison.
  1519 | D:2      | 1519 ||| INVOKING Spit Poison.
  1523 | D:2      | 1523 ||| INVOKING Spit Poison.
  1737 | D:2      | 1737 ||| UPGRADING to ring of protection from fire.
  1738 | D:2      | 1738 ||| READING scroll labelled NEQ ZOX HOA.
  1739 | D:2      | 1739 ||| READING 2 scrolls of identify.
  1739 | D:2      | 1739 ||| IDENTIFYING sedimented clear potion
  1740 | D:2      | 1740 ||| DROPPING potion of lignification.
  1786 | D:3      | 1786 ||| PLANNING SEWER
  1826 | D:3      | 1826 ||| INVOKING Spit Poison.
  1853 | D:3      | Found a glowing drain.
  1855 | D:3      | 1855 ||| INVOKING Spit Poison.
  1861 | D:3      | 1861 ||| INVOKING Spit Poison.
  1867 | D:3      | 1867 ||| INVOKING Spit Poison.
  1869 | D:3      | HP: 6/40 [worm (11)]
  1870 | D:3      | 1870 ||| READING scroll of teleportation.
  1870 | D:3      | Slain by a worm

Levels and vault maps discovered:
D:1:      zaba_arrival_water, layout_loops_corners,
          shapermc_ecumenical_altar_mp_vishouse, serial_shops, shop
D:2:      layout_loops_ring, grunt_decor_clamped, hangedman_decor_push,
          minivault_26
D:3:      layout_basic, gammafunk_temple_overflow_forgotten,
          cheibrodos_sewer_entry_sluice, minmay_statues_item,
          serial_park_tiny_2, nicolae_shop_vocational

Skill      XL: |  1  2  3 |
---------------+----------+-----
Ranged Weapons | 4 5 |  5.0
Fighting       | |  2.9
Dodging        | |  1.5
Stealth        | |  1.5

Action                     |  1- 3 |  4- 6 || total
---------------------------+-------+-------++-------
   Fire: Shortbow          |    41 |    42 ||    83
Ability: Spit Poison       |    20 |    14 ||    34
    Use: Scroll            |     4 |     5 ||     9
         Potion            |       |     1 ||     1
 Armour: Leather armour    |     4 |     2 ||     6
  Dodge: Dodged            |     7 |     8 ||    15

Table legend:
 A = Non-vault XP
 B = Vault XP
 C = Vault XP percentage of total XP
 D = Non-vault monster count
 E = Vault monster count
 F = Vault count percentage of total count
                 A         B        C        D         E       F
            +---------+---------+-------+---------+---------+-------
      Total |     141 |       0 |   0.0 |      40 |       0 |   0.0
            +---------+---------+-------+---------+---------+-------
        D:1 |      26 |       0 |   0.0 |      17 |       0 |   0.0
        D:2 |     110 |       0 |   0.0 |      21 |       0 |   0.0
        D:3 |       5 |       0 |   0.0 |       2 |       0 |   0.0
            +---------+---------+-------+---------+---------+-------
